[Event "42nd Olympiad Baku 2016 Women"]
[Site "Baku"]
[Date "2016.09.04"]
[Round "3.5"]
[White "Ziaziulkina, Nastassia"]
[Black "Cramling, Pia"]
[Result "1/2-1/2"]
[ECO "B32"]
[WhiteElo "2382"]
[BlackElo "2444"]
[Annotator ""]
[PlyCount "93"]
[EventDate "2016.??.??"]
[EventCountry "AZE"]
[SourceTitle "playchess.com"]
[Source "ChessBase"]
[WhiteTeam "Belarus"]
[BlackTeam "Sweden"]
[WhiteTeamCountry "BLR"]
[BlackTeamCountry "SWE"]
[TimeControl "40/5400+30:1800+30"]

1. e4 {(00:00)} c5 {(00:00)} 2. Nf3 {(00:00)} Nc6 {
(00:00)} 3. d4 {(00:00)} cxd4 {(00:00)} 4. Nxd4 {(
00:00)} Qb6 {(00:00)} 5. Nb3 {(01:00)} Nf6 {(00:26)} 6.
Nc3 {(00:48)} e6 {(00:15)} 7. a3 {(01:03)} a6 {(02:
31)} 8. Bf4 {(04:54)} Ne7 {(01:59)} 9. Bg3 {(02:42)} d5 {
(03:58)} 10. Bd3 {(17:27)} dxe4 {(11:56)} 11. Nxe4 {
(02:04)} Nxe4 {(03:15)} 12. Bxe4 {(00:07)} Nf5 {(
03:14)} 13. Bxf5 {(10:44)} exf5 {(04:37)} 14. O-O {(00:33]
} Be6 {(03:08)} 15. Qd4 {(03:41)} Qxd4 {(12:34)} 16. Nxd4
{(00:03)} Bc5 {(18:35)} 17. Nxe6 {(13:11)} fxe6 {(
00:14)} 18. Rad1 {(01:01)} O-O {(01:45)} 19. Be5 {(02:49)}
Rad8 {(06:26)} 20. c4 {(03:28)} Kf7 {(02:36)} 21. Rfe1 {
(08:39)} Be7 {(02:32)} 22. Kf1 {(14:27)} g5 {(01:
52)} 23. Ke2 {(00:34)} Bf6 {(01:45)} 24. Bd6 {(03:31)}
Rfe8 {(02:24)} 25. c5 {(01:50)} e5 {(03:34)} 26. b4 {
(02:13)} e4 {(04:02)} 27. g3 {(01:47)} Bb2 {(01:15]
} 28. Rd5 {(02:42)} Ke6 {(00:25)} 29. Red1 {(00:02)} h6 {
(04:28)} 30. R5d2 {(00:28)} Bf6 {(00:39)} 31. Bc7 {
(01:14)} Rxd2+ {(00:47)} 32. Rxd2 {(00:03)} Be7 {(
00:23)} 33. f3 {(01:03)} Rc8 {(00:50)} 34. Bd6 {(00:20)}
exf3+ {(00:29)} 35. Kxf3 {(00:05)} Bf6 {(00:19)} 36. Rd3 {
(01:18)} h5 {(00:57)} 37. h3 {(01:25)} Rh8 {(01:28]
} 38. Bc7 {(00:29)} Be7 {(00:15)} 39. Re3+ {(00:37)} Kd7 {
(00:15)} 40. Be5 {(00:00)} Rg8 {(00:00)} 41. Bb2 {(
07:21)} g4+ {(08:36)} 42. hxg4 {(01:29)} fxg4+ {(01:06)}
43. Kg2 {(00:41)} Rg5 {(07:20)} 44. Rd3+ {(07:34)} Ke6 {
(00:22)} 45. Re3+ {(00:19)} Kd7 {(00:11)} 46. Rd3+ {
(00:07)} Ke6 {(00:18)} 47. Re3+ {(01:11] Ke5} 1/2-1/2

[Event "42nd Olympiad Baku 2016 Women"]
[Site "Baku"]
[Date "2016.09.04"]
[Round "3.23"]
[White "Zienab mustafa mansour"]
[Black "Nikolovska, Dragana"]
[Result "0-1"]
[ECO "B76"]
[WhiteElo "1195"]
[BlackElo "1886"]
[Annotator ""]
[PlyCount "44"]
[EventDate "2016.??.??"]
[EventCountry "AZE"]
[SourceTitle "playchess.com"]
[Source "ChessBase"]
[WhiteTeam "Sudan"]
[BlackTeam "Macedonia"]
[WhiteTeamCountry "SUD"]
[BlackTeamCountry "MKD"]
[TimeControl "40/5400+30:1800+30"]

1. e4 {(00:00)} c5 {(00:00)} 2. d4 {(00:00)} cxd4 {
(00:03)} 3. Nf3 {(00:00)} Nc6 {(08:56)} 4. Nxd4 {(
00:42)} Nf6 {(01:12)} 5. Nc3 {(01:00)} d6 {(02:09)} 6. Be3
{(02:04)} g6 {(01:07)} 7. f3 {(00:30)} Bg7 {(00:17]
} 8. Qd2 {(01:55)} O-O {(00:26)} 9. O-O-O {(00:26)} Nxd4 {
(04:36)} 10. Bxd4 {(00:57)} Be6 {(00:12)} 11. Kb1 {
(01:46)} Qc7 {(00:25)} 12. g4 {(08:51)} Rfc8 {(08:
38)} 13. h4 {(05:25)} Qa5 {(04:40)} 14. Nd5 {(15:08)} Qxd2
{(02:40)} 15. Rxd2 {(00:40)} Nxd5 {(14:21)} 16. Bxg7 {
(00:58)} Nb4 {(06:17)} 17. Bc3 {(08:55)} Nxa2 {(01:
26)} 18. Rd4 {(08:09)} Nxc3+ {(00:58)} 19. bxc3 {(00:40)}
Rxc3 {(00:12)} 20. Bd3 {(07:00)} a5 {(08:57)} 21. Kb2 {
(02:41)} Rc5 {(00:16)} 22. Ra1 {(04:56)} b5 {(00:
37)} 0-1

[Event "42nd Olympiad Baku 2016 Women"]
[Site "Baku"]
[Date "2016.09.05"]
[Round "4.2"]
[White "Abdulla, Khayala"]
[Black "Brunello, Marina"]
[Result "0-1"]
[ECO "B87"]
[WhiteElo "2214"]
[BlackElo "2376"]
[Annotator ""]
[PlyCount "92"]
[EventDate "2016.??.??"]
[EventCountry "AZE"]
[SourceTitle "playchess.com"]
[Source "ChessBase"]
[WhiteTeam "Azerbaijan"]
[BlackTeam "Italy"]
[WhiteTeamCountry "AZE"]
[BlackTeamCountry "ITA"]
[TimeControl "40/5400+30:1800+30"]

1. e4 {(00:00)} c5 {(00:00)} 2. Nf3 {(00:00)} d6 {(
00:00)} 3. d4 {(00:00)} cxd4 {(00:00)} 4. Nxd4 {(00:00)}
Nf6 {(00:06)} 5. Nc3 {(00:03)} a6 {(00:23)} 6. Bc4 {
(00:35)} e6 {(02:33)} 7. Bb3 {(00:07)} b5 {(00:18)}
8. O-O {(00:50)} Be7 {(00:27)} 9. Qf3 {(00:09)} Qb6 {
(01:19)} 10. Be3 {(01:04)} Qb7 {(00:12)} 11. Qg3 {(
01:05)} b4 {(00:30)} 12. Na4 {(02:19)} O-O {(02:34)} 13.
f3 {(05:27)} Nbd7 {(02:20)} 14. Rad1 {(02:35)} Ne5 {
(03:52)} 15. Nb6 {(10:00)} Nh5 {(09:06)} 16. Qh3 {(
01:10)} Nf4 {(07:14)} 17. Bxf4 {(01:07)} Qxb6 {(00:09)}
18. Be3 {(00:45)} Qc7 {(01:39)} 19. Qg3 {(09:59)} Nc4 {
(14:27)} 20. Bc1 {(04:22)} Bf6 {(01:10)} 21. Kh1 {(
05:21)} Bb7 {(06:12)} 22. Rfe1 {(08:55)} Qc5 {(05:43)} 23.
Bxc4 {(09:30)} Qxc4 {(01:32)} 24. Nb3 {(00:43)} Qxc2 {
(08:12)} 25. Na5 {(05:49)} Qc7 {(06:47)} 26. Nxb7 {
(00:20)} Qxb7 {(00:03)} 27. Qxd6 {(04:03)} Rfd8 {(
01:34)} 28. Qc5 {(05:06)} Rdc8 {(02:39)} 29. Qf2 {(06:40)}
Qb5 {(03:15)} 30. Bf4 {(04:28)} b3 {(06:18)} 31. axb3 {
(00:53)} Qxb3 {(00:06)} 32. e5 {(01:21)} Be7 {(00:
18)} 33. Rd7 {(02:49)} Rc2 {(01:09)} 34. Qg3 {(03:29)} Bf8
{(00:48)} 35. Bc1 {(04:49)} Qc4 {(01:46)} 36. Rdd1 {
(01:27)} Rc8 {(00:50)} 37. Qg5 {(00:25)} h6 {(03:
30)} 38. Qe3 {(00:12)} Be7 {(01:12)} 39. b3 {(00:53)} Qc6
{(00:41)} 40. Bd2 {(00:00)} Bg5 {(00:00)} 41. f4 {(
11:03)} Bh4 {(05:27)} 42. Re2 {(00:11)} Rd8 {(00:56)} 43.
Rf1 {(09:11)} Qb5 {(03:25)} 44. Rf3 {(11:24)} Rc1+ {
(14:25)} 45. Re1 {(00:33)} Bxe1 {(00:39)} 46. Bxc1 {
(00:23)} Rd1 {(00:08)} 0-1

[Event "42nd Olympiad Baku 2016 Women"]
[Site "Baku"]
[Date "2016.09.05"]
[Round "4.18"]
[White "Acevedo Mendez, Lisseth"]
[Black "Videnova, Iva"]
[Result "0-1"]
[ECO "B40"]
[WhiteElo "1857"]
[BlackElo "2386"]
[Annotator ""]
[PlyCount "110"]
[EventDate "2016.??.??"]
[EventCountry "AZE"]
[SourceTitle "playchess.com"]
[Source "ChessBase"]
[WhiteTeam "Costa Rica"]
[BlackTeam "Bulgaria"]
[WhiteTeamCountry "CRI"]
[BlackTeamCountry "BUL"]
[TimeControl "40/5400+30:1800+30"]

1. e4 {(00:00)} c5 {(00:00)} 2. Nf3 {(00:00)} e6 {(
00:00)} 3. b3 {(01:22)} b6 {(00:00)} 4. Bb2 {(00:05)} Bb7
{(00:20)} 5. e5 {(01:10)} Nc6 {(03:54)} 6. Bc4 {(
05:07)} d5 {(08:50)} 7. exd6 {(00:08)} Nf6 {(01:55)} 8.
d7+ {(02:38)} Qxd7 {(01:02)} 9. O-O {(00:07)} O-O-O {
(09:35)} 10. Qe2 {(07:02)} Kb8 {(07:39)} 11. Bb5 {(
09:59)} Qd5 {(10:17)} 12. Nc3 {(06:47)} Qh5 {(11:04)} 13.
Bxc6 {(12:52)} Bxc6 {(00:11)} 14. Qe5+ {(00:09)} Bd6 {
(05:34)} 15. Qxh5 {(00:15)} Nxh5 {(00:15)} 16. Ng5 {
(00:18)} Rd7 {(03:22)} 17. d3 {(07:06)} h6 {(04:34]
} 18. Nge4 {(01:09)} Be5 {(01:05)} 19. Rab1 {(04:19)} f5 {
(02:31)} 20. Ng3 {(06:38)} Nf4 {(02:49)} 21. Nce2 {
(01:59)} Nxe2+ {(02:35)} 22. Nxe2 {(00:05)} Bc7 {(
00:25)} 23. Rfe1 {(03:06)} h5 {(04:07)} 24. Bc1 {(07:30)}
e5 {(02:33)} 25. Ng3 {(02:23)} g6 {(02:27)} 26. Bg5 {
(02:54)} h4 {(01:36)} 27. Nf1 {(01:52)} f4 {(02:23]
} 28. g3 {(05:20)} hxg3 {(00:40)} 29. fxg3 {(00:34)} Rh5 {
(01:29)} 30. h4 {(00:20)} Bd5 {(06:29)} 31. gxf4 {(
01:20)} exf4 {(00:10)} 32. Re8+ {(00:23)} Kb7 {(00:08)}
33. Rbe1 {(01:48)} b5 {(00:29)} 34. R1e7 {(00:43)} Rh7 {
(00:43)} 35. Rxd7 {(00:51)} Rxd7 {(00:07)} 36. Rf8 {
(00:17)} Bf7 {(01:47)} 37. Nd2 {(00:34)} Bd6 {(02:
30)} 38. Rh8 {(00:43)} Be5 {(01:11)} 39. Rf8 {(03:30)} Bg7
{(01:50)} 40. Rd8 {(00:00)} Rxd8 {(00:00)} 41. Bxd8 {
(00:10)} Be6 {(08:55)} 42. Ne4 {(04:30)} Bd4+ {(02:
52)} 43. Kf1 {(00:44)} Kc6 {(09:14)} 44. Bg5 {(02:06)}
Bh3+ {(04:55)} 45. Ke2 {(00:16)} Bg4+ {(00:06)} 46. Ke1 {
(01:50)} Be3 {(00:15)} 47. Nf2 {(06:35)} Be6 {(01:
53)} 48. Ke2 {(04:19)} Kd6 {(00:59)} 49. Ne4+ {(09:20)}
Ke5 {(00:14)} 50. Bf6+ {(00:12)} Kf5 {(01:50)} 51. Be7 {
(00:51)} c4 {(01:49)} 52. Nd6+ {(00:10)} Kg4 {(00:
49)} 53. dxc4 {(06:38)} bxc4 {(00:57)} 54. bxc4 {(01:36)}
Bc5 {(01:16)} 55. Kd3 {(03:14)} f3 {(00:40)} 0-1

[Event "42nd Olympiad Baku 2016 Women"]
[Site "Baku"]
[Date "2016.09.05"]
[Round "4.13"]
[White "Adhikari, Ashmita"]
[Black "Francis, Onkemetse"]
[Result "0-1"]
[ECO "B01"]
[WhiteElo "1632"]
[BlackElo "1777"]
[Annotator ""]
[PlyCount "98"]
[EventDate "2016.??.??"]
[EventCountry "AZE"]
[SourceTitle "playchess.com"]
[Source "ChessBase"]
[WhiteTeam "Nepal"]
[BlackTeam "Botswana"]
[WhiteTeamCountry "NEP"]
[BlackTeamCountry "BOT"]
[TimeControl "40/5400+30:1800+30"]

1. e4 {(00:00)} d5 {(00:00)} 2. exd5 {(00:00)} Qxd5 {
(00:00)} 3. Nc3 {(00:03)} Qd8 {(00:00)} 4. d4 {(00:
20)} Nf6 {(00:03)} 5. Bc4 {(00:46)} Bg4 {(01:04)} 6. Nge2
{(01:11)} e6 {(00:08)} 7. O-O {(02:13)} Be7 {(00:
37)} 8. Be3 {(02:00)} Nbd7 {(00:08)} 9. Qd2 {(03:50)} O-O
{(00:10)} 10. f3 {(00:29)} Bf5 {(00:06)} 11. Ng3 {(
01:23)} Bg6 {(00:08)} 12. Rad1 {(02:51)} c6 {(00:26)} 13.
Nce2 {(02:59)} Nb6 {(01:30)} 14. Bb3 {(01:18)} Nbd5 {
(01:43)} 15. Bf2 {(03:06)} a5 {(08:33)} 16. c4 {(
03:27)} Nb6 {(01:19)} 17. Nf4 {(02:57)} a4 {(00:21)} 18.
Nxg6 {(02:24)} hxg6 {(00:08)} 19. Bc2 {(07:22)} Nxc4 {
(00:12)} 20. Qc3 {(02:50)} Nb6 {(01:01)} 21. Ne4 {(
05:48)} Nbd5 {(01:36)} 22. Qe1 {(05:18)} Bb4 {(11:53)} 23.
Nd2 {(06:21)} Qd7 {(03:48)} 24. h4 {(03:56)} Qc7 {(
03:17)} 25. a3 {(02:50)} Bd6 {(02:26)} 26. Ne4 {(04:36)}
Be7 {(02:57)} 27. g4 {(08:02)} Rad8 {(10:38)} 28. Bxa4 {
(04:00)} Qb6 {(00:16)} 29. b4 {(02:32)} Qa7 {(00:
49)} 30. Bb3 {(01:32)} Qxa3 {(00:10)} 31. Bxd5 {(01:12)}
Nxd5 {(02:08)} 32. Nd2 {(07:17)} Bxb4 {(01:23)} 33. Ra1 {
(02:08)} Qd3 {(01:28)} 34. Ra2 {(01:50)} Bxd2 {(02:
49)} 35. Rxd2 {(01:12)} Qxf3 {(00:11)} 36. Be3 {(01:12)}
Qxe3+ {(01:24)} 37. Qxe3 {(00:19)} Nxe3 {(00:06)} 38. Rf4
{(00:52)} Ra8 {(00:37)} 39. Kh2 {(00:42)} Ra1 {(00:
30)} 40. Rdf2 {(00:00)} Nd5 {(00:00)} 41. R4f3 {(01:44)}
b5 {(01:29)} 42. Rc2 {(01:11)} Rd1 {(00:20)} 43. Rxc6 {
(01:28)} Rxd4 {(00:07)} 44. Kg3 {(00:39)} Rc4 {(00:
13)} 45. Ra6 {(01:41)} b4 {(00:43)} 46. Ra4 {(01:19)} Rc3
{(00:13)} 47. Ra1 {(01:20)} Rxf3+ {(00:47)} 48. Kxf3 {
(00:31)} Rc8 {(00:07)} 49. Ra7 {(01:10)} Rb8 {(00:
27)} 0-1

[Event "42nd Olympiad Baku 2016 Women"]
[Site "Baku"]
[Date "2016.09.05"]
[Round "4.3"]
[White "Agbabishvili, Lali"]
[Black "Secopito, Catherine"]
[Result "1/2-1/2"]
[ECO "A08"]
[WhiteElo "2064"]
[BlackElo "2119"]
[Annotator ""]
[PlyCount "102"]
[EventDate "2016.??.??"]
[EventCountry "AZE"]
[SourceTitle "playchess.com"]
[Source "ChessBase"]
[WhiteTeam "Canada"]
[BlackTeam "Philippines"]
[WhiteTeamCountry "CAN"]
[BlackTeamCountry "PHI"]
[TimeControl "40/5400+30:1800+30"]

1. Nf3 {(00:00)} d5 {(00:02)} 2. g3 {(00:00)} c5 {(
00:31)} 3. Bg2 {(00:00)} Nc6 {(00:42)} 4. O-O {(00:03)}
Nf6 {(01:50)} 5. d3 {(00:54)} e5 {(04:55)} 6. e4 {(
03:24)} dxe4 {(15:06)} 7. dxe4 {(00:13)} Bg4 {(00:16)} 8.
Nbd2 {(07:03)} Qd7 {(04:25)} 9. c3 {(08:03)} Be7 {(
06:52)} 10. Qc2 {(01:53)} Rd8 {(12:06)} 11. Nc4 {(02:44)}
Qc7 {(04:34)} 12. Ne3 {(00:55)} Bc8 {(02:43)} 13. Nh4 {
(14:58)} O-O {(06:43)} 14. Nhf5 {(00:54)} Be6 {(05:
22)} 15. Qe2 {(15:45)} Rfe8 {(02:31)} 16. Ng4 {(18:55)}
Nxg4 {(08:39)} 17. Qxg4 {(00:13)} Bf6 {(00:15)} 18. Qf3 {
(05:15)} Rd7 {(05:30)} 19. h4 {(04:31)} Bd8 {(03:
45)} 20. Bh3 {(03:52)} Ne7 {(00:59)} 21. Nxe7+ {(03:34)}
Rexe7 {(00:44)} 22. Bxe6 {(02:10)} Rxe6 {(00:02)} 23. Be3
{(00:29)} c4 {(01:15)} 24. Rfd1 {(00:29)} Red6 {(
00:43)} 25. Rxd6 {(01:30)} Qxd6 {(00:39)} 26. Qe2 {(00:38]
} Qc6 {(04:41)} 27. Rd1 {(00:29)} Rxd1+ {(01:16)} 28. Qxd1
{(00:02)} Be7 {(02:01)} 29. f3 {(00:38)} a6 {(00:
35)} 30. Kf2 {(00:38)} Kf8 {(00:55)} 31. Qd2 {(00:16)} Ke8
{(00:34)} 32. Kg2 {(00:28)} Qb5 {(01:07)} 33. Qe2 {
(00:28)} Qc6 {(00:34)} 34. Qd2 {(00:07)} b5 {(01:
06)} 35. a3 {(01:21)} Qb7 {(01:14)} 36. Bf2 {(01:14)} Qc6
{(00:18)} 37. Be3 {(00:05)} Qd7 {(01:15)} 38. Qxd7+ {
(02:08)} Kxd7 {(00:08)} 39. Kf2 {(00:09)} Kc6 {(00:
09)} 40. Ke2 {(00:00)} g6 {(00:00)} 41. Kd2 {(07:39)} Kd7
{(02:47)} 42. Ke2 {(02:00)} Ke6 {(00:06)} 43. Bf2 {
(00:44)} f5 {(05:43)} 44. g4 {(01:18)} fxe4 {(06:
15)} 45. fxe4 {(00:03)} h5 {(01:10)} 46. g5 {(01:12)} Kd7
{(01:27)} 47. Kd2 {(01:33)} Kc6 {(00:20)} 48. Kc2 {
(00:17)} a5 {(01:17)} 49. Be3 {(00:25)} b4 {(03:09]
} 50. a4 {(01:40)} b3+ {(00:47)} 51. Kc1 {(00:16)} Bc5 {
(01:45)} 1/2-1/2

[Event "42nd Olympiad Baku 2016 Women"]
[Site "Baku"]
[Date "2016.09.05"]
[Round "4.11"]
[White "Alarcon, Pamela"]
[Black "Gonzalez, Yaribeth"]
[Result "1/2-1/2"]
[ECO "D20"]
[WhiteElo "1834"]
[BlackElo "1826"]
[Annotator ""]
[PlyCount "71"]
[EventDate "2016.??.??"]
[EventCountry "AZE"]
[SourceTitle "playchess.com"]
[Source "ChessBase"]
[WhiteTeam "Nicaragua"]
[BlackTeam "Panama"]
[WhiteTeamCountry "NCA"]
[BlackTeamCountry "PAN"]
[TimeControl "40/5400+30:1800+30"]

1. d4 {(00:00)} d5 {(00:00)} 2. c4 {(00:00)} dxc4 {
(00:00)} 3. e4 {(00:15)} e5 {(00:00)} 4. d5 {(00:
19)} Nf6 {(00:28)} 5. Qa4+ {(00:45)} Bd7 {(01:58)} 6. Qxc4
{(00:08)} a6 {(00:15)} 7. Qc2 {(01:16)} Bb4+ {(00:
39)} 8. Bd2 {(00:07)} Qe7 {(00:38)} 9. Nc3 {(01:36)} c6 {
(06:42)} 10. Bc4 {(00:30)} Qc5 {(16:30)} 11. Qd3 {(
07:36)} b5 {(15:02)} 12. Bb3 {(03:05)} Qd4 {(07:42)} 13.
Bc2 {(03:13)} cxd5 {(05:15)} 14. exd5 {(00:08)} Bxc3 {
(04:10)} 15. Bxc3 {(00:13)} Qxd5 {(00:21)} 16. Qxd5 {
(00:42)} Nxd5 {(00:05)} 17. Bxe5 {(00:05)} O-O {(
01:56)} 18. O-O-O {(01:38)} Be6 {(03:36)} 19. Be4 {(05:26]
} Rd8 {(03:31)} 20. Nf3 {(02:12)} Nc6 {(03:52)} 21. Bg3 {
(00:23)} Nce7 {(04:24)} 22. Ng5 {(00:47)} Rac8+ {(
03:11)} 23. Kb1 {(01:00)} Bf5 {(02:14)} 24. Ka1 {(08:11)}
h6 {(01:14)} 25. Rxd5 {(20:14)} Rxd5 {(00:05)} 26. Bxd5 {
(00:03)} Nxd5 {(00:12)} 27. Nf3 {(00:11)} Nb4 {(00:
17)} 28. Nd4 {(03:16)} Nc2+ {(02:01)} 29. Nxc2 {(00:06)}
Rxc2 {(00:05)} 30. b4 {(08:36)} Be6 {(00:57)} 31. Re1 {
(02:36)} Rxa2+ {(01:16)} 32. Kb1 {(00:04)} Rd2 {(
04:09)} 33. Ka1 {(04:49)} Rd4 {(03:12)} 34. Rb1 {(00:22)}
Bd5 {(03:49)} 35. f3 {(00:25)} Rd2 {(01:35)} 36. Rb2 {
(00:06)} 1/2-1/2

[Event "42nd Olympiad Baku 2016 Women"]
[Site "Baku"]
[Date "2016.09.05"]
[Round "4.24"]
[White "Alawadhi, Amenah"]
[Black "Prasad, Tanvi"]
[Result "1-0"]
[ECO "D12"]
[WhiteElo "1393"]
[BlackElo "1339"]
[Annotator ""]
[PlyCount "77"]
[EventDate "2016.??.??"]
[EventCountry "AZE"]
[SourceTitle "playchess.com"]
[Source "ChessBase"]
[WhiteTeam "Kuwait"]
[BlackTeam "Fiji"]
[WhiteTeamCountry "KUW"]
[BlackTeamCountry "FIJ"]
[TimeControl "40/5400+30:1800+30"]

1. d4 {(00:00)} d5 {(00:00)} 2. Nf3 {(00:00)} Nf6 {
(00:00)} 3. e3 {(00:00)} Bf5 {(01:50)} 4. c4 {(00:
24)} c6 {(00:29)} 5. Bd3 {(01:56)} Bd7 {(03:20)} 6. Nc3 {
(05:49)} e6 {(00:18)} 7. O-O {(00:13)} Bd6 {(03:42]
} 8. c5 {(04:10)} Bc7 {(00:36)} 9. b4 {(01:30)} Qe7 {
(00:58)} 10. h3 {(03:42)} a5 {(01:03)} 11. b5 {(01:
11)} cxb5 {(00:28)} 12. Nxb5 {(00:17)} Bd8 {(02:05)} 13.
Nd6+ {(02:11)} Kf8 {(01:10)} 14. a4 {(03:17)} b6 {(
01:56)} 15. Ba3 {(00:49)} bxc5 {(02:19)} 16. Bxc5 {(01:19]
} Kg8 {(03:39)} 17. Ne5 {(04:44)} Ne8 {(03:21)} 18. Ndxf7
{(04:13)} Qh4 {(02:05)} 19. Qf3 {(02:36)} Nf6 {(04:
21)} 20. Nxh8 {(03:06)} Kxh8 {(00:18)} 21. g4 {(02:53)}
Bc7 {(01:56)} 22. Nf7+ {(07:25)} Kg8 {(00:53)} 23. Nd6 {
(01:05)} Nc6 {(02:29)} 24. Rab1 {(03:27)} e5 {(00:
53)} 25. e4 {(01:41)} dxe4 {(00:26)} 26. Bxe4 {(00:57)}
Bxg4 {(02:15)} 27. hxg4 {(07:09)} exd4 {(00:43)} 28. Bxc6
{(06:42)} Rd8 {(03:01)} 29. Qg3 {(03:15)} Qh6 {(01:
23)} 30. g5 {(00:40)} Qg6 {(00:12)} 31. Rfe1 {(05:08)} Nh5
{(01:03)} 32. Re6 {(03:29)} Qxe6 {(00:44)} 33. Qh4 {
(02:32)} g6 {(00:51)} 34. Qxd4 {(01:19)} Qh3 {(05:
03)} 35. Bd5+ {(01:50)} Kf8 {(01:08)} 36. Qh8+ {(03:22)}
Ke7 {(00:33)} 37. Qxh7+ {(02:28)} Kf8 {(00:28)} 38. Nc8+ {
(02:40)} Ke8 {(01:15)} 39. Qe7# 1-0

[Event "42nd Olympiad Baku 2016 Women"]
[Site "Baku"]
[Date "2016.09.05"]
[Round "4.30"]
[White "Alboredo, Julia"]
[Black "Balajayeva, Khanim"]
[Result "0-1"]
[ECO "C96"]
[WhiteElo "2135"]
[BlackElo "2147"]
[Annotator ""]
[PlyCount "90"]
[EventDate "2016.??.??"]
[EventCountry "AZE"]
[SourceTitle "playchess.com"]
[Source "ChessBase"]
[WhiteTeam "Brazil"]
[BlackTeam "Azerbaijan"]
[WhiteTeamCountry "BRA"]
[BlackTeamCountry "AZE"]
[TimeControl "40/5400+30:1800+30"]

1. e4 {(00:00)} e5 {(00:00)} 2. Nf3 {(00:00)} Nc6 {
(00:00)} 3. Bb5 {(00:07)} a6 {(00:00)} 4. Ba4 {(00:
16)} Nf6 {(00:00)} 5. O-O {(00:15)} Be7 {(00:11)} 6. Re1 {
(00:25)} b5 {(00:10)} 7. Bb3 {(00:14)} d6 {(02:15)}
8. c3 {(00:34)} O-O {(00:20)} 9. h3 {(02:22)} Na5 {
(04:14)} 10. Bc2 {(00:10)} c5 {(00:09)} 11. d3 {(
01:42)} Nc6 {(00:56)} 12. Nbd2 {(00:42)} Re8 {(00:50)} 13.
Nf1 {(00:37)} h6 {(00:32)} 14. a4 {(00:51)} Be6 {(
12:05)} 15. Ng3 {(04:50)} Qc7 {(08:25)} 16. Nh2 {(07:46)}
d5 {(11:26)} 17. Qf3 {(04:20)} Qd7 {(04:05)} 18. Ne2 {
(17:36)} b4 {(08:48)} 19. g4 {(03:31)} dxe4 {(03:
19)} 20. dxe4 {(00:23)} b3 {(00:08)} 21. Bb1 {(02:19)} Nh7
{(05:25)} 22. Ng3 {(15:33)} Rad8 {(06:40)} 23. Be3 {
(02:16)} Na5 {(04:34)} 24. Nhf1 {(07:54)} Nc4 {(01:
58)} 25. Bc1 {(06:58)} Bg5 {(00:10)} 26. Qe2 {(05:00)}
Bxc1 {(05:51)} 27. Rxc1 {(00:10)} Nf8 {(01:08)} 28. Nh5 {
(02:49)} Ng6 {(00:39)} 29. Re1 {(07:15)} a5 {(02:
37)} 30. Ne3 {(04:41)} Nxe3 {(00:51)} 31. fxe3 {(00:21)}
Qd2 {(00:54)} 32. Ng3 {(02:13)} Qxe2 {(00:27)} 33. Rxe2 {
(00:12)} Rd1+ {(01:07)} 34. Kf2 {(00:57)} Bc4 {(00:
27)} 35. Re1 {(01:05)} Red8 {(01:35)} 36. Rxd1 {(00:59)}
Rxd1 {(00:03)} 37. Nf5 {(00:20)} Kf8 {(01:08)} 38. h4 {
(00:26)} Ne7 {(00:24)} 39. Ng3 {(00:31)} Nc8 {(02:
43)} 40. Nf5 {(00:00)} g6 {(00:00)} 41. Nxh6 {(01:23)} Nd6
{(00:41)} 42. Kf3 {(00:33)} Bd3 {(01:31)} 43. Bxd3 {
(01:19)} Rxa1 {(00:09)} 44. g5 {(00:21)} c4 {(00:
10)} 45. Be2 {(00:06)} Rb1 {(00:09)} 0-1

[Event "42nd Olympiad Baku 2016 Women"]
[Site "Baku"]
[Date "2016.09.05"]
[Round "4.14"]
[White "Albzoor, Anwar"]
[Black "Salim-Moussa, Arzy Zahia"]
[Result "1-0"]
[ECO "A10"]
[WhiteElo "1570"]
[BlackElo "1403"]
[Annotator ""]
[PlyCount "69"]
[EventDate "2016.??.??"]
[EventCountry "AZE"]
[SourceTitle "playchess.com"]
[Source "ChessBase"]
[WhiteTeam "Palestine"]
[BlackTeam "Netherlands Antilles"]
[WhiteTeamCountry "PLE"]
[BlackTeamCountry "AHO"]
[TimeControl "40/5400+30:1800+30"]

1. c4 {(00:00)} d5 {(00:00)} 2. g3 {(00:36)} dxc4 {
(02:11)} 3. Bg2 {(03:02)} Nf6 {(04:11)} 4. Nf3 {(
05:11)} Nbd7 {(04:55)} 5. Qa4 {(08:36)} c6 {(13:57)} 6.
Qxc4 {(04:01)} h6 {(06:39)} 7. O-O {(04:45)} e6 {(
02:24)} 8. Qc2 {(05:07)} Bd6 {(04:38)} 9. Nc3 {(02:18)}
O-O {(04:40)} 10. d3 {(06:47)} Ne5 {(07:06)} 11. Nxe5 {
(07:57)} Bxe5 {(00:57)} 12. Be3 {(02:35)} Bxc3 {(
04:27)} 13. bxc3 {(04:15)} Nd5 {(08:09)} 14. Bc5 {(06:18)}
Re8 {(05:01)} 15. c4 {(02:28)} Nc7 {(06:08)} 16. Be3 {
(06:14)} Bd7 {(06:58)} 17. Rab1 {(03:06)} b6 {(04:
35)} 18. a4 {(04:42)} Qe7 {(05:28)} 19. Rfc1 {(05:40)}
Rab8 {(02:21)} 20. a5 {(04:36)} bxa5 {(01:14)} 21. Bxa7 {
(00:34)} Rxb1 {(02:34)} 22. Rxb1 {(00:08)} Qa3 {(
00:49)} 23. Qb2 {(05:28)} Qxb2 {(01:04)} 24. Rxb2 {(00:04]
} Na6 {(00:11)} 25. Ra2 {(01:09)} Ra8 {(00:53)} 26. Bb6 {
(02:35)} Nb4 {(00:47)} 27. Rxa5 {(00:45)} Rxa5 {(
00:14)} 28. Bxa5 {(00:03)} Na6 {(00:19)} 29. f4 {(00:49)}
c5 {(00:15)} 30. Bb6 {(00:17)} f5 {(01:11)} 31. Bb7 {
(00:51)} Nb4 {(00:42)} 32. Bxc5 {(00:15)} Ba4 {(00:
23)} 33. Bc8 {(00:58)} Kf7 {(00:37)} 34. Bxb4 {(00:11)}
Bd1 {(00:18)} 35. Kf2 {(00:08)} 1-0